 Dungeon Crawl Stone Soup version 0.23.2-33-g5129a83184 (webtiles) character file.

Game seed: 13614902925921309798

250 FishyPogo the Conjurer (level 5, -3/21 HPs)
             Began as a Felid Conjurer on Aug 10, 2019.
             Was an Initiate of Vehumet.
             Killed from afar by an orc wizard (7 damage)
             ... with a magic dart
             ... on level 4 of the Dungeon.
             The game lasted 00:19:10 (4157 turns).

FishyPogo the Conjurer (Felid Conjurer)             Turns: 4157, Time: 00:19:10

Health: -3/21      AC:  4    Str:  4    XL:     5   Next: 88%
Magic:  0/10       EV: 20    Int: 18    God:    Vehumet [......]
Gold:   133        SH:  0    Dex: 16    Spells: 2/10 levels left
                                        Lives:  0   Deaths: 1

rFire    + . .     SeeInvis +   (weapon unavailable)
rCold    . . .     Gourm    .   (shield unavailable)
rNeg     . . .     Faith    .   (armour unavailable)
rPois    .         Spirit   .   (helmet unavailable)
rElec    .         Reflect  .   (cloak unavailable)
rCorr    .         Harm     .   (gloves unavailable)
MR       .....                  (boots unavailable)
Stlth    +++.......             (no amulet)
HPRegen  0.07/turn              e - +3 ring of protection
MPRegen  0.12/turn              g - ring of protection from fire

@: quick
A: very small, no armour, no weapons or thrown items, stealth, claws 1, fangs 3,
see invisible, carnivore, speed 1, shaggy fur 1, slow metabolism 1, sharp paws
a: Renounce Religion


You were on level 4 of the Dungeon.
You worshipped Vehumet.
Vehumet was noncommittal.
You were very full.

You visited 1 branch of the dungeon, and saw 4 of its levels.

You collected 133 gold pieces.

Inventory:

Jewellery
 e - a +3 ring of protection (left paw)
 g - a ring of protection from fire (right paw)
Wands
 l - a wand of paralysis (7)
Scrolls
 c - 5 scrolls of identify {unknown}
 i - 2 scrolls of teleportation {unknown}
 m - a scroll of remove curse {unknown}
Potions
 a - 2 potions of heal wounds {unknown}
 d - 2 potions of agility {unknown}
 f - 2 potions of lignification {unknown}
 h - a potion of mutation {unknown}
 j - a potion of curing {unknown}
 k - a potion of flight {unknown}
Comestibles
 b - 5 rations


   Skills:
 + Level 4.4 Dodging
 + Level 4.6 Stealth
 + Level 3.3 Spellcasting
 + Level 4.8 Conjurations
 * Level 3.0 Hexes
 * Level 0.9 Translocations


You had 2 spell levels left.
You knew the following spells:

 Your Spells              Type           Power        Failure   Level  Hunger
a - Magic Dart            Conj           ###.         2%          1    None
b - Dazzling Spray        Conj/Hex       ###...       10%         3    ###....
c - Force Lance           Conj/Tloc      ##......     43%         4    ####...

Your spell library contained the following spells:

 Spells                   Type           Power        Failure   Level  Hunger
 Searing Ray              Conj           ###...       3%          2    ##.....
 Iskenderun's Mystic Bla  Conj           ###.....     22%         4    ####...
 Fulminant Prism          Conj/Hex       ###.......   30%         4    ####...


Dungeon Overview and Level Annotations

Branches:
Dungeon (4/15)
 Temple: D:4-7

Altars:
Hepliaklqana
Kikubaaqudgha
Sif Muna
Vehumet

Annotations:
D:4 2 exclusions


Innate Abilities, Weirdness & Mutations

You cannot wear armour.
You are incapable of wielding weapons or throwing items.
Your paws allow you to move quietly. (Stealth)
You have sharp claws.
You have razor-sharp teeth.
You have supernaturally acute eyesight. (SInv)
You are carnivorous and can eat meat at any time.
You cover ground quickly.
You are covered in fur. (AC +1)
You have a slow metabolism.
Your sharp claws are effective at attacking unaware monsters.


Message History

The orc wizard closely misses you.
Casting: Magic Dart (safe; 2% risk of failure)
Confirm with . or Enter, or press ? or * to list all spells.
Aiming: Magic Dart (safe; 2% risk of failure)
Press: ? - help, Shift-Dir - straight line, f/p - orc wizard
Aim: an orc wizard, wielding a +0 dagger and wearing a +0 robe (moderately wounded, fast)
The magic dart hits the orc wizard.
The orc wizard is heavily wounded.
The orc wizard hits you but does no damage.
The orc wizard miscasts a cantrip.
You scratch the orc wizard but do no damage.
The orc wizard is heavily wounded.
The orc wizard misses you.
You closely miss the orc wizard.
The orc wizard is heavily wounded.
The orc wizard hits you with a cursed +0 dagger. x2
* * * LOW HITPOINT WARNING * * *
The orc wizard casts a spell at you. The magic dart hits you!
You die...

..## #.####### ##...## .##
#.......# ##.....## .##
####.##.###.......##
..###########...#.##.........###
...................'..(......)..
<.##.########>..#..#.........#
.###.# ##.###'###....o.# ## #.#
..##.o...#.....# # #.# ##.
#@§.≈.#.)..## ####.# #.
+.._..')#+## ...<.# #. #.≈.§.###
###### #.....# # ###+### # # # #


You could see an orc wizard.

Vanquished Creatures
  An orc priest (D:1)
  An orc wizard (D:4)
  Natasha (thrice) (D:2)
  2 worker ants (D:4)
  Robin (D:2)
  A gnoll (D:1)
  5 adders
  An ooze (D:1)
  A worm (D:2)
  3 dart slugs
  3 leopard geckos
  7 orcs
  5 bats
  5 giant cockroaches
  13 goblins
  8 hobgoblins
  7 jackals
  7 frilled lizards
  9 kobolds
  5 rats
88 creatures vanquished.

Notes
Turn   | Place    | Note
-------+----------+-------------------------------------------
     0 | D:1      | FishyPogo the Felid Conjurer began the quest for the Orb.
     0 | D:1      | Reached XP level 1. HP: 7/7 MP: 4/4
   279 | D:1      | Reached XP level 2. HP: 8/11 MP: 1/6
   788 | D:1      | Reached XP level 3. HP: 14/14 MP: 5/7
  1249 | D:2      | Noticed Robin
  1297 | D:2      | Noticed Natasha
  1463 | D:2      | Found a faded altar of an unknown god.
  1687 | D:2      | Reached XP level 4. HP: 16/18 MP: 3/8
  2425 | D:2      | Reached XP level 5. HP: 17/21 MP: 3/10
  2524 | D:2      | Learned a level 3 spell: Dazzling Spray
  2739 | D:2      | Killed Robin
  2802 | D:2      | Killed Natasha
  2802 | D:2      | Reached skill level 1 in Hexes
  2905 | D:2      | Noticed Natasha
  2910 | D:2      | Killed Natasha
  2919 | D:2      | Noticed Natasha
  2938 | D:2      | Killed from afar by Natasha
  2939 | D:2      | Reached XP level 4. HP: -1/18 MP: 0/9
  2967 | D:2      | Killed Natasha
  3155 | D:3      | Found a deep blue altar of Sif Muna.
  3155 | D:3      | Found an ancient bone altar of Kikubaaqudgha.
  3157 | D:3      | Found a radiant altar of Vehumet.
  3162 | D:3      | Identified Vehumet's Guide on Attacks
  3173 | D:3      | Became a worshipper of Vehumet
  3261 | D:3      | Reached XP level 5. HP: 21/21 MP: 10/10
  4093 | D:4      | Learned a level 4 spell: Force Lance
  4095 | D:4      | Noticed an ogre
  4103 | D:4      | Found a hazy altar of Hepliaklqana.
  4157 | D:4      | Killed from afar by an orc wizard

Skill      XL: |  1  2  3  4  5 |
---------------+----------------+-----
Stealth        | 3 4 |  4.6
Dodging        | 3 4 |  4.4
Conjurations   | 4 |  4.8
Hexes          | 2 3 |  3.0
Spellcasting   | 3 |  3.3
Translocations | |  0.9

Action                   |  1- 3 |  4- 6 || total
-------------------------+-------+-------++-------
Melee: Unarmed           |    56 |    73 ||   129
       Bite              |     3 |     4 ||     7
 Cast: Magic Dart        |    85 |   146 ||   231
       Dazzling Spray    |       |     2 ||     2
 Stab: Sleeping          |     4 |     4 ||     8
  Eat: Chunk             |    10 |    10 ||    20
Armor: Skin              |     8 |    17 ||    25
Dodge: Dodged            |    60 |   102 ||   162
